 Dungeon Crawl Stone Soup version 0.21.1-1-g345015f (webtiles) character file.

18664 zishaf the Fighter (level 12, -22/117 HPs)
             Began as a Hill Orc Monk on July 12, 2018.
             Was a High Priest of Beogh.
             Killed from afar by a lindwurm (32 damage)
             ... with a blast of flame
             ... in a volcano.
             The game lasted 00:50:29 (15250 turns).

zishaf the Fighter (Hill Orc Monk)                 Turns: 15250, Time: 00:50:30

Health: -22/117    AC: 16    Str: 18    XL:     12   Next: 60%
Magic:  19/19      EV:  7    Int: 13    God:    Beogh [*****.]
Gold:   269        SH:  0    Dex: 13    Spells: 14/21 levels left

rFire    . . .     SeeInvis +   b - +9 falchion "Ylysch" {venom, SInv}
rCold    . . .     Gourm    +   (no shield)
rNeg     . . .     Faith    .   G - +0 plate armour
rPois    .         Spirit   .   (no helmet)
rElec    .         Reflect  .   g - scarf {repulsion}
rCorr    +         Harm     .   v - +0 pair of gloves
MR       .....                  t - +0 pair of boots
Stlth    ..........             M - amulet of the gourmand
HPRegen  0.29/turn              F - ring of resist corrosion
MPRegen  0.16/turn              O - ring of stealth

@: confused, repel missiles
A: walk on water, clever 1, screaming 1
a: Smiting, Recall Orcish Followers, Give Item to Named Follower, Renounce
Religion


You were in a volcano.
You worshipped Beogh.
Beogh was extremely pleased with you.
You were full.

You visited 2 branches of the dungeon, and saw 14 of its levels.
You also visited: Volcano.

You collected 689 gold pieces.
You spent 420 gold pieces at shops.

Inventory:

Hand Weapons
 b - the +9 falchion "Ylysch" (weapon) {venom, SInv}
   (You found it on level 4 of the Dungeon)

   It poisons the flesh of those it strikes.
   It lets you see invisible.
 Y - a +3 double sword of distortion
 Z - a +0 triple crossbow
Armour
 g - a scarf of repulsion (worn)
 t - a +0 pair of boots (worn)
 v - a +0 pair of gloves (worn)
 G - a +0 plate armour (worn)
 Q - the +2 robe of Ogemigeiv {rElec}
   (You found it on level 8 of the Dungeon)

   It insulates you from electricity.
Jewellery
 C - an uncursed ring of positive energy
 F - a ring of resist corrosion (left hand)
 M - an amulet of the gourmand (around neck)
 O - a ring of stealth (right hand)
 U - an uncursed ring of ice
Wands
 k - a wand of digging (23)
 q - a wand of paralysis (11)
 r - a wand of scattershot (5)
 x - a wand of disintegration (10)
 S - a wand of random effects (16)
Scrolls
 d - 3 scrolls of blinking {unknown}
 e - 5 scrolls of remove curse
 f - 4 scrolls of teleportation {unknown}
 l - 5 scrolls of amnesia {unknown}
 m - a scroll of identify
 u - 3 scrolls of enchant weapon {unknown}
 y - 4 scrolls of fear {unknown}
 z - a scroll of immolation {unknown}
 D - a scroll of torment {unknown}
 E - a scroll of magic mapping
 I - a scroll of brand weapon {unknown}
 J - a scroll of fog {unknown}
 R - 2 scrolls of enchant armour {unknown}
 T - a scroll of holy word {unknown}
Potions
 h - 2 potions of brilliance
 i - 2 potions of might {unknown}
 j - 3 potions of mutation
 n - a potion of curing
 o - a potion of cancellation
 p - 3 potions of haste
 s - 2 potions of heal wounds {unknown}
 A - 5 potions of flight
 B - a potion of magic {unknown}
 K - 3 potions of berserk rage
 L - 2 potions of agility
 P - a potion of invisibility
 W - a potion of lignification
Books
 w - a book of Minor Magic

   Spells                             Type                      Level
   a - Magic Dart                     Conjuration                  1
   b - Blink                          Translocation                2
   c - Call Imp                       Summoning                    2
   d - Slow                           Hexes                        2
   e - Conjure Flame                  Conjuration/Fire             3
   f - Mephitic Cloud                 Conjuration/Poison/Air       3
 X - a book of Necromancy

   Spells                             Type                      Level
   a - Pain                           Necromancy                   1
   b - Animate Skeleton               Necromancy                   1
   c - Vampiric Draining              Necromancy                   3
   d - Regeneration                   Charms/Necromancy            3
   e - Animate Dead                   Necromancy                   4
   f - Borgnjor's Vile Clutch         Necromancy/Earth             5
Comestibles
 c - 13 rations


   Skills:
 - Level 14.0 Fighting
   Level 4.0(4.8) Axes
   Level 3.3(4.0) Polearms
   Level 8.0 Bows
 - Level 8.0 Armour
 - Level 3.0 Dodging
 - Level 1.5 Stealth
 - Level 5.0 Spellcasting
 + Level 5.3 Necromancy
 - Level 1.2 Translocations
 + Level 5.3 Earth Magic
 - Level 5.0 Invocations
 + Level 3.1 Evocations


You had 14 spell levels left.
You knew the following spells:

 Your Spells              Type           Power        Failure   Level  Hunger
a - Blink                 Tloc           N/A          99%         2    ##.....
b - Borgnjor's Vile Clut  Necr/Erth      ###.......   100%        5    ######.


Dungeon Overview and Level Annotations

Branches:
Dungeon (12/15)            Temple (0/1) D:7            Lair (2/6) D:9
  Swamp (0/4) Lair:2          Orc (0/2) D:9
  Snake: Lair:2-4    Spider: Lair:2-4

Altars:
Fedhas
Gozag
Hepliaklqana
Kikubaaqudgha
Makhleb
Nemelex Xobeh
Qazlal
Sif Muna
Trog
Uskayaw
Vehumet
Wu Jian
The Shining One

Shops:
D:10 *


Innate Abilities, Weirdness & Mutations

You can walk on water.
Your mind is acute. (Int +2)
You occasionally shout uncontrollably at your foes.


Message History

Aim: a lindwurm (moderately wounded, chance to defeat MR: 63%)
The lindwurm resists with significant effort.
The lindwurm breathes flames at you. The blast of flame hits you!
* * * LOW HITPOINT WARNING * * *
You swap places.
Bogwik hits the lindwurm with a long sword!
The lindwurm bites Bogwik!
The lindwurm closely misses Bogwik.
The lindwurm claws Bogwik but does no damage.
You are confused.
You feel invigorated.
Bogwik hits the lindwurm with a long sword.
The lindwurm bites Bogwik but does no damage.
The lindwurm claws Bogwik but does no damage. x2
Are you sure you want to stumble around while confused and next to your ally Bogwik?
This could place you under penance!
Okay, then.
Bogwik hits the lindwurm with a long sword!
The lindwurm breathes flames at you.
The blast of flame hits Bogwik.
The blast of flame hits you!
You die...

###...≈ ##...§.≈
##...≈.≈≈ ### ####
##...§§≈≈≈
##.###..####...≈§§≈≈≈
#.#...##.##...≈≈§≈§≈§
#.#######.#...≈≈≈≈§≈≈
##.##§8##.###..≈§§≈≈≈
#.#@###.## ##..§≈§≈≈
#≈.#o##.# ##.§≈§§≈
#8###k#.## ###..≈§≈§
## #∩##.####8.....§§
#.###.........≈≈≈ 8.8
#####8....§§§ #.#
####...§≈ .S. ####§§
§.≈ ###


You could see a lindwurm, a lava snake and the friendly Bogwik the orc warrior.

Vanquished Creatures
  A death knight (D:11)
  2 two-headed ogres (D:9)
  2 unseen horrors
  A black mamba (Lair:1)
  3 spiny frogs (Lair:1)
  A komodo dragon (Lair:1)
  An ice devil (D:11)
  A troll (D:10)
  A hornet (D:8)
  A hippogriff (D:11)
  12 yaks
  10 fire bats (Volcano)
  A steam dragon (Volcano)
  A human (D:8)
  A hungry ghost (D:7)
  A hell hound (Volcano)
  3 water moccasins
  2 porcupines (Lair:1)
  Duvessa (D:7)
  3 orc warriors
  3 ice beasts
  A sky beast (D:7)
  A phantom (D:2)
  A hornet zombie (D:7)
  4 ogres
  5 centaurs
  2 crocodiles
  A big kobold (D:7)
  7 bullfrogs
  Dowan (D:7)
  4 scorpions
  A water moccasin skeleton (D:7)
  4 howler monkeys
  5 lava snakes (Volcano)
  A quasit (D:7)
  An orc priest (D:6)
  6 hounds
  3 jellies
  2 centaur skeletons
  6 iguanas
  4 orc wizards
  2 worker ants
  2 hound zombies
  A worker ant zombie (D:10)
  3 gnolls (D:7)
  13 adders
  2 shadow imps
  3 oozes
  An adder zombie (D:7)
  3 worms
  A dart slug (D:1)
  5 leopard geckos
  16 orcs
  6 giant cockroaches
  4 goblins
  4 hobgoblins
  3 jackals (D:1)
  9 kobolds
  4 quokkas
  A ball python (D:5)
  6 bats
  3 frilled lizards (D:1)
  A leopard gecko zombie (D:7)
  A quokka zombie (D:5)
  5 rats
211 creatures vanquished.

Vanquished Creatures (collateral kills)
  Erolcha (D:11)
  A hydra (Lair:1)
  2 two-headed ogres
  Urug (D:11)
  An unseen horror (D:12)
  2 phantasmal warriors (D:11)
  Maurice (D:11)
  A komodo dragon (Lair:1)
  An ice devil (D:11)
  3 trolls
  A spriggan (Lair:1)
  2 wraiths (D:11)
  14 yaks
  2 water moccasins
  4 porcupines
  3 phantoms
  3 crocodiles (Lair:1)
  4 bullfrogs (Lair:1)
  A scorpion (D:9)
  A water moccasin skeleton (D:8)
  A crimson imp (D:8)
  2 jellies
  An orc wizard (D:8)
  4 worker ants
  2 shadow imps (D:12)
  2 orcs
  2 quokkas (D:11)
  A bush (Lair:1)
  A fungus (D:9)
  2 plants (D:9)
67 creatures vanquished.

Vanquished Creatures (others)
  2 orc priests (D:11)
  An orc wizard (Lair:1)
  9 orcs
12 creatures vanquished.

Grand Total: 290 creatures vanquished

Notes
Turn   | Place    | Note
-------+----------+-------------------------------------------
     0 | D:1      | zishaf the Hill Orc Monk began the quest for the Orb.
     0 | D:1      | Reached XP level 1. HP: 19/19 MP: 1/1
   150 | D:1      | Reached XP level 2. HP: 24/27 MP: 2/2
   155 | D:1      | Reached skill level 4 in Fighting
   426 | D:1      | Reached XP level 3. HP: 34/34 MP: 3/3
   772 | D:2      | Noticed a phantom
   815 | D:2      | Killed a phantom
   815 | D:2      | Reached skill level 6 in Fighting
   815 | D:2      | Reached XP level 4. HP: 17/44 MP: 4/4
   815 | D:2      | Reached XP level 5. HP: 19/50 MP: 5/5
  1076 | D:2      | Found a deep blue altar of Sif Muna.
  1891 | D:3      | Reached skill level 7 in Fighting
  2325 | D:3      | Reached XP level 6. HP: 53/60 MP: 6/6
  2723 | D:4      | Learned a level 2 spell: Blink
  2845 | D:4      | Found a hazy altar of Hepliaklqana.
  2845 | D:4      | Found a radiant altar of Vehumet.
  2851 | D:4      | Found a bloodstained altar of Trog.
  2853 | D:4      | Found an opulent altar of Gozag.
  2857 | D:4      | Found a faded altar of an unknown god.
  2981 | D:4      | Got an encrusted falchion
  2982 | D:4      | Identified the +9 falchion "Ylysch" {venom, SInv} (You found it on level 4 of the Dungeon)
  3047 | D:4      | Found a hide-covered altar of Uskayaw.
  3118 | D:5      | Entered Level 5 of the Dungeon
  3157 | D:5      | Reached skill level 1 in Polearms
  3165 | D:5      | Reached skill level 8 in Fighting
  3198 | D:5      | Reached skill level 1 in Translocations
  3457 | D:5      | Noticed a water moccasin
  3466 | D:5      | Killed a water moccasin
  3466 | D:5      | Reached skill level 1 in Spellcasting
  3466 | D:5      | Reached XP level 7. HP: 54/69 MP: 8/8
  3761 | D:6      | Reached skill level 1 in Armour
  3903 | D:6      | Became a worshipper of Beogh the Brigand
  3903 | D:6      | Reached * piety under Beogh
  3903 | D:6      | Reached ** piety under Beogh
  3961 | D:6      | Reached skill level 9 in Fighting
  3961 | D:6      | Reached skill level 1 in Bows
  3970 | D:6      | Reached XP level 8. HP: 75/78 MP: 9/9
  4157 | D:6      | Found a burning altar of Makhleb.
  4649 | D:7      | Reached skill level 10 in Fighting
  4684 | D:7      | Found an ornate altar of the Wu Jian Council.
  5060 | D:7      | Reached XP level 9. HP: 38/86 MP: 10/10
  5376 | D:7      | Reached *** piety under Beogh
  5409 | D:7      | Noticed Duvessa
  5414 | D:7      | Killed Duvessa
  5415 | D:7      | Noticed Dowan
  5416 | D:7      | Killed Dowan
  5456 | D:7      | Found a stormy altar of Qazlal.
  5537 | D:7      | Found a staircase to the Ecumenical Temple.
  5581 | D:7      | Reached skill level 5 in Bows
  5589 | D:7      | Reached skill level 11 in Fighting
  6154 | D:7      | Reached skill level 5 in Armour
  6535 | D:8      | Reached XP level 10. HP: 48/97 MP: 11/11
  6538 | D:8      | Got a wizard robe
  6551 | D:8      | Identified the +2 robe of Ogemigeiv {rElec} (You found it on level 8 of the Dungeon)
  6729 | D:8      | Reached skill level 12 in Fighting
  6958 | D:8      | Noticed a two-headed ogre
  6970 | D:8      | Killed a two-headed ogre
  7645 | D:9      | Noticed a two-headed ogre
  7651 | D:9      | Killed a two-headed ogre
  7653 | D:9      | HP: 4/100 [troll (7)]
  7653 | D:9      | HP: 1/100 [troll (3)]
  8122 | D:9      | Reached **** piety under Beogh
  8136 | D:9      | Found a glowing golden altar of the Shining One.
  8547 | D:9      | Reached skill level 13 in Fighting
  8559 | D:9      | Gained Blodwig as an ally
  8565 | D:9      | Found a sparkling altar of Nemelex Xobeh.
  8666 | D:9      | Found a blossoming altar of Fedhas.
  8666 | D:9      | Found an ancient bone altar of Kikubaaqudgha.
  8721 | D:9      | Found a staircase to the Orcish Mines.
  8766 | D:9      | Found a staircase to the Lair.
  8835 | D:9      | Noticed a two-headed ogre
  8840 | D:9      | Killed a two-headed ogre
  8840 | D:9      | Reached XP level 11. HP: 40/107 MP: 12/12
  9113 | D:9      | Found a glowing golden altar of the Shining One.
  9387 | D:10     | Entered Level 10 of the Dungeon
  9603 | D:10     | Found a burning altar of Makhleb.
  9603 | D:10     | Found Did Egae's Blasphemy Boutique.
  9615 | D:10     | Bought a book of Necromancy for 420 gold pieces
  9621 | D:10     | Learned a level 5 spell: Borgnjor's Vile Clutch
  9889 | D:10     | Noticed an unseen horror
  9902 | D:10     | Killed an unseen horror
 10128 | D:10     | Reached skill level 1 in Necromancy
 10128 | D:10     | Reached skill level 1 in Earth Magic
 10611 | D:11     | Noticed Erolcha
 10719 | D:11     | Noticed Urug
 10720 | D:11     | Killed Erolcha
 10730 | D:11     | Killed Urug
 10737 | D:10     | HP: 4/108 [shadow imp (3)]
 11120 | D:11     | Reached skill level 14 in Fighting
 11326 | D:11     | Noticed a phantasmal warrior
 11327 | D:11     | Noticed a phantasmal warrior
 11329 | D:11     | Noticed a death knight
 11337 | D:11     | Your ally Blodwig died
 11351 | D:11     | Killed a phantasmal warrior
 11359 | D:11     | Noticed an unseen horror
 11622 | D:11     | Noticed Maurice
 11630 | D:11     | Killed Maurice
 11885 | D:11     | Reached ***** piety under Beogh
 11921 | D:11     | You fall through a shaft!
 11921 | D:12     | Noticed an unseen horror
 11929 | D:12     | Killed an unseen horror
 11929 | D:12     | Reached skill level 1 in Invocations
 11976 | D:11     | Noticed a two-headed ogre
 11983 | D:11     | Killed a two-headed ogre
 12090 | D:11     | Killed a death knight
 12091 | D:11     | Killed a phantasmal warrior
 12097 | D:11     | Reached XP level 12. HP: 60/117 MP: 2/17
 12108 | D:11     | Gained mutation: You tend to lose your temper in combat. [potion of mutation]
 12108 | D:11     | Gained mutation: You have sharp fingernails. [potion of mutation]
 12109 | D:11     | Lost mutation: You have sharp fingernails. [potion of mutation]
 12109 | D:11     | Lost mutation: You tend to lose your temper in combat. [potion of mutation]
 12109 | D:11     | Gained mutation: You occasionally shout uncontrollably at your foes. [potion of mutation]
 12109 | D:11     | Gained mutation: Your mind is acute. (Int +2) [potion of mutation]
 12726 | Lair:1   | Entered Level 1 of the Lair of Beasts
 12784 | Lair:1   | Reached skill level 1 in Evocations
 12879 | Lair:1   | Reached skill level 5 in Invocations
 12882 | Lair:1   | Noticed a four-headed hydra
 12885 | Lair:1   | Killed a four-headed hydra
 14723 | Lair:2   | Found a dark tunnel.
 14730 | Volcano  | Entered a volcano
 14774 | Volcano  | Reached skill level 5 in Necromancy
 14923 | Volcano  | Reached skill level 5 in Earth Magic
 15230 | Volcano  | Reached skill level 5 in Spellcasting
 15230 | Volcano  | Gained Bogwik as an ally
 15247 | Volcano  | HP: 2/117 [lindwurm/blast of flame (34)]
 15250 | Volcano  | Killed from afar by a lindwurm

Skill      XL: |  1  2  3  4  5  6  7  8  9 10 11 12 |
---------------+-------------------------------------+-----
Fighting       | 4 6 7 8 9 10 11 13 14 | 14.0
Dodging        | 3 |  3.0
Polearms       | 1 2 3 |  3.3
Translocations | 1 |  1.2
Spellcasting   | 1 3 5 |  5.0
Armour         | 2 3 5 7 8 |  8.0
Bows           | 1 4 6 8 |  8.0
Necromancy     | 3 5 |  5.3
Earth Magic    | 3 5 |  5.3
Invocations    | 3 5 |  5.0
Evocations     | 3 |  3.1
Axes           | |  4.0
Stealth        | |  1.5

Action                   |  1- 3 |  4- 6 |  7- 9 | 10-12 || total
-------------------------+-------+-------+-------+-------++-------
Melee: Hand axe          |    86 |   169 |       |       ||   255
       Falchion          |       |    22 |   191 |   321 ||   534
 Fire: Shortbow          |       |       |     2 |       ||     2
 Cast: Blink             |       |       |       |     1 ||     1
Invok: Convert to Beogh  |       |       |     1 |       ||     1
       Smiting           |       |       |       |     5 ||     5
       Recall Orcish Fol |       |       |       |     5 ||     5
Evoke: Wand              |       |       |       |     8 ||     8
  Use: Potion            |       |       |       |     7 ||     7
       Scroll            |       |       |       |    10 ||    10
 Stab: Sleeping          |     3 |     3 |     3 |    12 ||    21
       Distracted        |       |       |       |     4 ||     4
       Confused          |       |       |       |     1 ||     1
       Paralysed         |       |       |       |     6 ||     6
  Eat: Chunk             |       |     8 |    21 |    28 ||    57
       Ration            |       |       |     2 |       ||     2
Armor: Robe              |     2 |       |       |    60 ||    62
       Troll leather arm |    31 |    33 |    18 |       ||    82
       Scale mail        |       |       |    60 |       ||    60
       Plate armour      |       |       |       |    69 ||    69
Dodge: Dodged            |    74 |   130 |   153 |   218 ||   575
       Deflected         |       |       |     3 |    16 ||    19
       Rpst.: Falchion   |       |     5 |    41 |    56 ||   102
